 Dungeon Crawl Stone Soup version 0.23-a0-639-ga9a3373214 (webtiles) character file.

7380 HereIgoKillingAgain the Severer (level 11, -4/82 HPs)
             Began as a Hill Orc Fighter on Dec 29, 2018.
             Was a Priest of Beogh.
             Slain by an ogre
             ... wielding a +0 giant club
              (19 damage)
             ... on level 9 of the Dungeon.
             The game lasted 00:11:21 (10200 turns).

HereIgoKillingAgain the Severer (Hill Orc Fighter) Turns: 10200, Time: 00:11:21

Health: -4/82      AC:  8    Str: 24    XL:     11   Next: 14%
Magic:  11/11      EV:  7    Int: 11    God:    Beogh [***...]
Gold:   640        SH: 10    Dex: 16    Spells: 10/10 levels left

rFire    . . .     SeeInvis .   a - +1 war axe (drain)
rCold    . . .     Gourm    .   c - +0 shield
rNeg     . . .     Faith    .   b - +0 scale mail
rPois    +         Spirit   .   (no helmet)
rElec    .         Reflect  .   u - +0 cloak of Fashionability {rPois Str+4} (curse)
rCorr    .         Harm     .   (no gloves)
MR       .....                  (no boots)
Stlth    ..........             (no amulet)
HPRegen  0.23/turn              j - +6 ring of dexterity
MPRegen  0.12/turn              (no ring)

@: no status effects
A: no striking features
a: Smiting, Renounce Religion


You were on level 9 of the Dungeon.
You worshipped Beogh.
Beogh was most pleased with you.
You were hungry.

You visited 1 branch of the dungeon, and saw 9 of its levels.
You also visited: Ossuary.

You collected 640 gold pieces.

Inventory:

Hand Weapons
 a - a +1 war axe of draining (weapon)
Missiles
 v - 3 throwing nets (quivered)
Armour
 b - a +0 scale mail (worn)
 c - a +0 shield (worn)
 t - a +1 cloak
 u - the cursed +0 cloak of Fashionability (worn) {rPois Str+4}
   (You found it on level 6 of the Dungeon)

   It affects your strength (+4).
   It protects you from poison.
   It has a curse placed upon it.
Jewellery
 j - a +6 ring of dexterity (left hand)
Wands
 g - a wand of enslavement (10)
 w - a wand of iceblast (10)
Scrolls
 h - 4 scrolls of teleportation
 i - 5 scrolls of remove curse
 k - 2 scrolls of amnesia
 m - 7 scrolls of magic mapping
 y - a scroll of enchant armour
 B - a scroll of identify
 C - a scroll of fog
Potions
 d - 2 potions of invisibility {unknown}
 e - 2 potions of heal wounds {unknown}
 n - a potion of ambrosia {unknown}
 o - 2 potions of cancellation
 p - 3 potions of curing
 q - 2 potions of berserk rage {unknown}
 r - a potion of flight {unknown}
 s - 4 potions of mutation {unknown}
 z - a potion of degeneration {unknown}
 D - a potion of agility {unknown}
Comestibles
 f - 18 rations


   Skills:
 - Level 3.6 Fighting
 + Level 19.8 Axes
 - Level 3.2 Armour
 - Level 3.2 Shields


You had 10 spell levels left.
You didn't know any spells.
Your spell library contained the following spells:

 Spells                   Type           Power        Failure   Level  Hunger
 Magic Dart               Conj           #...         98%         1    ##.....
 Blink                    Tloc           N/A          99%         2    ###....
 Call Imp                 Summ           #.......     99%         2    ###....
 Slow                     Hex            #.......     99%         2    ###....
 Conjure Flame            Conj/Fire      #.......     100%        3    ####...
 Mephitic Cloud           Conj/Pois/Air  #.......     100%        3    ####...


Dungeon Overview and Level Annotations

Branches:
Dungeon (9/15)             Temple (0/1) D:7
   Lair: D:8-11         Orc: D:9-12

Altars:
Elyvilon
Kikubaaqudgha
Makhleb
Nemelex Xobeh
Ru
Sif Muna
Trog
Zin
The Shining One

Shops:
D:8 %

Annotations:
D:7 2 transporters


Message History

You feel sick.
The ogre hits you with a +0 giant club!!
* * * LOW HITPOINT WARNING * * *
You block the scorpion's attack.
Unknown command.
You hit the ogre. You drain the ogre!
The ogre is moderately wounded.
You hit the scorpion.
You kill the scorpion!
Beogh accepts your kill. The ogre hits you with a +0 giant club.
* * * LOW HITPOINT WARNING * * *
You slash the ogre!
The ogre is heavily wounded.
Unknown command.
You feel better. You block the ogre's attack.
You barely miss the ogre.
The ogre is heavily wounded.
The ogre hits you with a +0 giant club!!
You die...

... ............ #.#
#........## #.##
#........## ....##
#........## #.##.#
#........## #†##.#
#o.......##
..##.###)##.###.#........
.....$.)))......#########
.....###@#...............
.......O)#..##...........
.....##..#..##..#########
.. #..#..##..# #
#..#..##..# # ..........#
# #..#......####### #
...... .##.ooo.###
#.[###o.##


You could see an ogre.

Vanquished Creatures
  Harold (D:7)
  A centaur warrior (D:9)
  An unseen horror (D:8)
  An ugly thing (D:7)
  A wyvern (D:6)
  4 hogs (D:7)
  A wraith (D:9)
  A human (D:7)
  2 water moccasins
  5 ice beasts
  3 sky beasts
  A phantom (D:7)
  4 ogres
  3 centaurs
  2 big kobolds
  5 bullfrogs
  A wyvern zombie (D:6)
  A water moccasin zombie (Ossuary)
  3 scorpions
  4 killer bees (D:5)
  4 wights (D:9)
  2 howler monkeys
  3 crimson imps
  A bullfrog zombie (D:5)
  2 quasits (D:7)
  2 jellies
  3 orc wizards (D:8)
  2 orc priests (D:8)
  3 bullfrog skeletons
  A centaur skeleton (D:9)
  A hound (D:6)
  An iguana (D:6)
  6 worker ants
  5 big kobold zombies (Ossuary)
  2 mummies (Ossuary)
  3 gnolls (D:3)
  2 howler monkey skeletons
  16 adders
  10 river rats (D:5)
  A shadow imp (D:7)
  3 oozes
  3 adder zombies
  An adder skeleton (D:4)
  A worm (D:5)
  7 leopard geckos
  9 orcs
  A bat zombie (D:4)
  3 giant cockroaches
  5 goblins
  5 hobgoblins
  11 jackals
  14 quokkas
  A ball python (D:1)
  11 bats
  5 frilled lizards
  A giant cockroach zombie (D:5)
  6 gnoll zombies (Ossuary)
  4 hobgoblin zombies (Ossuary)
  19 kobolds
  2 kobold zombies (Ossuary)
  A leopard gecko skeleton (D:7)
  A leopard gecko zombie (D:7)
  9 orc zombies (Ossuary)
  15 rats
  2 rat zombies (D:4)
255 creatures vanquished.

Vanquished Creatures (collateral kills)
  A soldier ant (shapeshifter) (D:9)
  An ice beast (D:9)
  A wight (D:9)
3 creatures vanquished.

Vanquished Creatures (others)
  2 orc warriors (D:9)
  An orc wizard (D:9)
3 creatures vanquished.

Grand Total: 261 creatures vanquished

Notes
Turn   | Place    | Note
-------+----------+-------------------------------------------
     0 | D:1      | HereIgoKillingAgain the Hill Orc Fighter began the quest
                  | for the Orb.
     0 | D:1      | Reached XP level 1. HP: 19/19 MP: 1/1
    53 | D:1      | Reached skill level 3 in Axes
    62 | D:1      | Reached XP level 2. HP: 24/26 MP: 2/2
   242 | D:1      | Reached skill level 4 in Axes
   761 | D:2      | Reached XP level 3. HP: 19/31 MP: 3/3
  1036 | D:2      | Reached skill level 5 in Axes
  1246 | D:2      | Reached XP level 4. HP: 38/39 MP: 4/4
  1461 | D:2      | Reached skill level 6 in Axes
  1474 | D:2      | Found a burning altar of Makhleb.
  1848 | D:3      | Reached XP level 5. HP: 15/45 MP: 5/5
  1851 | D:3      | Reached skill level 7 in Axes
  2174 | D:3      | Found a deep blue altar of Sif Muna.
  2747 | D:4      | Found a sand-covered staircase.
  2934 | Ossuary  | Entered an ossuary
  3217 | Ossuary  | Reached skill level 8 in Axes
  3294 | Ossuary  | Reached XP level 6. HP: 51/51 MP: 6/6
  3410 | Ossuary  | Reached skill level 9 in Axes
  3757 | D:4      | Reached XP level 7. HP: 15/57 MP: 7/7
  3900 | D:4      | Found a white marble altar of Elyvilon.
  3900 | D:4      | Found a sacrificial altar of Ru.
  3960 | D:4      | Reached skill level 10 in Axes
  4053 | D:4      | Found an ancient bone altar of Kikubaaqudgha.
  4270 | D:4      | Became a worshipper of Beogh the Brigand
  4562 | D:5      | Entered Level 5 of the Dungeon
  4753 | D:5      | Reached skill level 11 in Axes
  4763 | D:5      | Reached XP level 8. HP: 55/64 MP: 8/8
  4933 | D:5      | Reached skill level 12 in Axes
  4951 | D:5      | Reached * piety under Beogh
  5129 | D:5      | Found a glowing golden altar of the Shining One.
  5351 | D:5      | Reached skill level 13 in Axes
  5999 | D:6      | Reached skill level 14 in Axes
  5999 | D:6      | Reached XP level 9. HP: 70/70 MP: 9/9
  6309 | D:6      | Found a bloodstained altar of Trog.
  6570 | D:6      | Got a slimy cloak
  6581 | D:6      | Identified the cursed +0 cloak of Fashionability {rPois
                  | Str+4} (You found it on level 6 of the Dungeon)
  6682 | D:7      | Reached skill level 15 in Axes
  6686 | D:7      | Reached ** piety under Beogh
  7095 | D:7      | Found a staircase to the Ecumenical Temple.
  7097 | D:7      | Noticed Harold
  7114 | D:7      | Killed Harold
  7114 | D:7      | Reached skill level 16 in Axes
  7172 | D:7      | Found a transporter.
  7180 | D:7      | Noticed a kobold demonologist
  7181 | D:7      | Found a transporter.
  7211 | D:7      | Found a sparkling altar of Nemelex Xobeh.
  7336 | D:7      | Reached XP level 10. HP: 65/77 MP: 10/10
  7362 | D:7      | Noticed a brown ugly thing
  7376 | D:7      | Killed a brown ugly thing
  7376 | D:7      | Reached skill level 17 in Axes
  7440 | D:7      | Found a glowing silver altar of Zin.
  8125 | D:8      | Killed an unseen horror
  8125 | D:8      | Reached skill level 18 in Axes
  8127 | D:8      | Reached *** piety under Beogh
  8717 | D:8      | Found Oggoupa's Food Shop.
  9440 | D:9      | Noticed a centaur warrior
  9447 | D:9      | Noticed a salamander
  9457 | D:9      | Killed a centaur warrior
  9457 | D:9      | Reached skill level 19 in Axes
  9457 | D:9      | Reached XP level 11. HP: 28/82 MP: 11/11
  9479 | D:9      | a salamander changed into a soldier ant
 10200 | D:9      | Slain by an ogre

Vault maps used:
D:1:      lightli_arrival_lavapool, minmay_close_crescents
D:2:      minmay_spotlight, bloody_makhleb
D:3:      lemuel_crystal_altar
D:4:      amethyst_overflow_temple_binary, lemuel_zombie_altar_kikubaaqudgha,
          first_ration, nicolae_ossuary_entry_false_entrances,
          kennysheep_generic_room_5
D:5:      lemuel_ratsnest, lemuel_round_altar, serial_bayou_pond_c
D:6:      minmay_chambers_of_fours, nicolae_overflow_hidden_temple
D:7:      gammafunk_temple_overflow_arena,
          minmay_temple_entry_statues_fountains, grunt_livestock, uniq_harold
D:8:      serial_shops, nicolae_shop_stone
D:9:      minmay_chambers_of_sixes
Ossuary:  ossuary_tomb_2

Skill      XL: |  1  2  3  4  5  6  7  8  9 10 |
---------------+-------------------------------+-----
Axes           | 3 4 5 6 8 9 11 14 16 19 | 19.8
Fighting       | |  3.6
Armour         | |  3.2
Shields        | |  3.2

Action                   |  1- 3 |  4- 6 |  7- 9 | 10-12 || total
-------------------------+-------+-------+-------+-------++-------
Melee: War axe           |    98 |   228 |   357 |   186 ||   869
Invok: Convert to Beogh  |       |       |     1 |       ||     1
Evoke: Wand              |       |       |     3 |     3 ||     6
  Use: Potion            |       |     1 |     2 |     5 ||     8
       Scroll            |       |    12 |       |     5 ||    17
 Stab: Paralysed         |       |       |     6 |     6 ||    12
       Distracted        |       |       |       |     1 ||     1
  Eat: Chunk             |     1 |     4 |     9 |     2 ||    16
       Ration            |       |     1 |     1 |     2 ||     4
Armor: Scale mail        |    56 |    84 |   115 |    62 ||   317
Dodge: Dodged            |    26 |    80 |    79 |    23 ||   208
Block: Shield            |    56 |   101 |   147 |    61 ||   365

Table legend:
 A = Non-vault XP
 B = Vault XP
 C = Vault XP percentage of total XP
 D = Non-vault monster count
 E = Vault monster count
 F = Vault count percentage of total count
                 A         B        C        D         E       F
            +---------+---------+-------+---------+---------+-------
      Total |    6213 |    4330 |  41.1 |     169 |      89 |  34.5
            +---------+---------+-------+---------+---------+-------
        D:1 |      13 |      12 |  48.0 |       8 |       5 |  38.5
        D:2 |      95 |       7 |   6.9 |      24 |       4 |  14.3
        D:3 |     118 |       0 |   0.0 |      24 |       0 |   0.0
        D:4 |     274 |      17 |   5.8 |       9 |       4 |  30.8
        D:5 |    1095 |     159 |  12.7 |      22 |      30 |  57.7
        D:6 |     619 |     380 |  38.0 |      11 |       3 |  21.4
        D:7 |    1368 |    1998 |  59.4 |      33 |       6 |  15.4
        D:8 |    1652 |       0 |   0.0 |      21 |       0 |   0.0
        D:9 |     979 |    1477 |  60.1 |      17 |       6 |  26.1
    Ossuary |       0 |     280 | 100.0 |       0 |      31 | 100.0
            +---------+---------+-------+---------+---------+-------
